 Dungeon Crawl Stone Soup version 0.31-a0-986-g5e6e4ef867 (webtiles) character file.

Game seed: 17790181624995220869

1955 Dittersdorf the Shield-Bearer (level 9, -5/71 HPs)
             Began as a Human Fighter on Nov 7, 2023.
             Was an Initiate of Gozag.
             Killed from afar by a steam dragon (13 damage)
             ... with a ball of steam
             ... on level 7 of the Dungeon.
             The game lasted 00:08:00 (6619 turns).

Dittersdorf the Shield-Bearer (Human Fighter)       Turns: 6619, Time: 00:08:01

Health: -5/71      AC: 14    Str: 22    XL:     9   Next: 42%
Magic:  9/9        EV:  8    Int:  8    God:    Gozag
Gold:   675        SH:  5    Dex: 12    Spells: 6/8 levels left

rFire   . . .        a - +0 long sword (freeze)
rCold   . . .        c - +0 buckler
rNeg    . . .        z - +0 chain mail
rPois   +            o - +0 helmet
rElec   .            u - +2 cloak {rCorr}
rCorr   +            (no gloves)
SInv    .            (no boots)
Will    .....        (no amulet) Stlth
                     e - ring of poison resistance
HPRegen 0.31/turn    (no ring)
MPRegen 0.11/turn

%: no passive effects
@: no status effects
A: no striking features
a: Renounce Religion, Potion Petition, Call Merchant, Bribe Branch


You were on level 7 of the Dungeon.
You worshipped Gozag.
Gozag was pleased with you.
You visited 2 branches of the dungeon, and saw 8 of its levels.
You also visited: Sewer.

You collected 731 gold pieces.
You paid 56 gold pieces to Gozag.

Inventory:

Hand Weapons
 a - a +0 long sword of freezing (weapon)
Missiles
 s - 15 poisoned darts (quivered)
Armour
 c - a +0 buckler (worn)
 f - a +0 plate armour
 o - a +0 helmet (worn)
 u - a +2 cloak of preservation (worn)
 z - a +0 chain mail (worn)
Jewellery
 e - a ring of poison resistance (left hand)
Wands
 b - a wand of mindburst (21)
Scrolls
 n - 3 scrolls of teleportation
Potions
 d - 4 potions of might
 i - 2 potions of magic {unknown}
 l - a potion of invisibility
 m - a potion of curing
 p - 2 potions of haste
 r - 3 potions of enlightenment
 t - 2 potions of lignification
 v - 3 potions of berserk rage


   Skills:
 + Level 6.5 Fighting
 + Level 6.2 Long Blades
 + Level 6.5 Armour
 + Level 6.5 Shields


You had 6 spell levels left.
You knew the following spells:

 Your Spells              Type           Power      Damage    Failure   Level
a - Passwall              Tmut/Erth      0%         N/A       99%         2

Your spell library contained the following spells:

 Spells                   Type           Power      Damage    Failure   Level
 Summon Small Mammal      Summ           0%         N/A       96%         1
 Ensorcelled Hibernation  Hex/Ice        0%         N/A       99%         2
 Static Discharge         Conj/Air       0%         3-3/arc   99%         2
 Call Canine Familiar     Summ           0%         N/A       100%        3
 Summon Guardian Golem    Hex/Summ       0%         N/A       100%        3
 Swiftness                Air            0%         N/A       100%        3
 Airstrike                Air            0%         2d(0-16)  100%        4
 Summon Lightning Spire   Summ/Air       0%         N/A       100%        4


Dungeon Overview and Level Annotations

Branches:
Dungeon (7/15)             Temple (1/1) D:4           Sewer (visited)

Altars:
Ashenzari
Cheibriados
Dithmenos
Gozag
Hepliaklqana
Kikubaaqudgha
Makhleb
Nemelex Xobeh
Okawaru
Ru
Sif Muna
Trog
Uskayaw
Vehumet
Wu Jian
Xom
Yredelemnul
Zin

Shops:
D:1 =


Message History

A steam dragon is nearby!
The steam dragon breathes steam at you. The ball of steam hits you!
A shadow imp comes into view.
The shadow imp shouts, "Quit, thou fobbing unchin-snouted swadder!"
You closely miss the steam dragon.
You are engulfed in a cloud of scalding steam.
The steam dragon bites you. The steam dragon closely misses you.
The steam dragon bites you but does no damage.
You block the steam dragon's attack.
You slash the steam dragon! You freeze the steam dragon.
The steam dragon is moderately wounded.
You are engulfed in a cloud of scalding steam.
You block the steam dragon's attack.
The steam dragon claws you but does no damage.
You hit the steam dragon. You freeze the steam dragon.
The steam dragon is severely wounded.
You are engulfed in a cloud of scalding steam.
The steam dragon bites you. The steam dragon completely misses you.
You slash the steam dragon! You freeze the steam dragon.
The steam dragon is almost dead.
You are engulfed in a cloud of scalding steam.
The steam dragon breathes steam at you. The ball of steam hits you!!
* * * LOW HITPOINT WARNING * * *
You closely miss the steam dragon.
The steam dragon is almost dead.
The steam dragon bites you but does no damage.
You block the steam dragon's attack. The shadow imp puffs mist at you.
You hit the steam dragon but do no damage.
The steam dragon is almost dead.
The steam dragon bites you but does no damage.
You block the steam dragon's attack.
You hit the steam dragon but do no damage.
The steam dragon is almost dead.
The steam dragon breathes steam at you. The ball of steam hits you!
You die...
Your body crumbles into a pile of gold.

#.######## #.#
#.....5D.# #.#
########@# #.#
#.# ### #.# #.#
#.# #.# #.# #.#
#.# #.# #.# #.#
##.###.# #.#
#......########
..# #######
######........#
..# #.....#
#####.####


You could see a steam dragon (catching breath) and a shadow imp.

Vanquished Creatures
  Pikel (D:5)
  Prince Ribbit (D:5)
  Sigmund (D:3)
  Edmund (D:5)
  3 lemures (D:5)
  A phantom (D:6)
  3 kobold brigands (Sewer)
  A bullfrog (D:6)
  A scorpion (D:5)
  A howler monkey (D:4)
  2 jellies (D:6)
  An orc priest (D:6)
  5 hounds
  Crazy Yiuf (D:3)
  A sleepcap (D:5)
  An orc wizard (D:5)
  An iguana (D:5)
  6 gnolls
  6 adders
  6 river rats (Sewer)
  2 shadow imps
  A dart slug (D:1)
  A worm (D:2)
  12 orcs
  7 endoplasms
  6 giant cockroaches
  4 goblins
  10 hobgoblins
  11 jackals
  10 kobolds
  5 quokkas
  7 ball pythons
  4 bats
  A frilled lizard (Sewer)
  12 rats
137 creatures vanquished.

Vanquished Creatures (others)
  A goblin (D:1)
1 creature vanquished.

Grand Total: 138 creatures vanquished

Notes
Turn   | Place    | Note
-------+----------+-------------------------------------------
     0 | D:1      | Dittersdorf the Human Fighter began the quest for the Orb.
     0 | D:1      | Reached XP level 1. HP: 18/18 MP: 1/1
    70 | D:1      | Reached XP level 2. HP: 19/24 MP: 2/2
   120 | D:1      | Found Ratul's Jewellery Shop.
   338 | D:1      | Reached XP level 3. HP: 24/29 MP: 3/3
  1058 | D:2      | Reached XP level 4. HP: 20/35 MP: 4/4
  1564 | D:3      | Reached XP level 5. HP: 41/41 MP: 5/5
  1642 | D:3      | Noticed Sigmund
  1645 | D:3      | Killed Sigmund
  1646 | D:3      | Reached XP level 6. HP: 42/48 MP: 6/6
  1787 | D:3      | Found a runed translucent door.
  1788 | D:3      | Noticed Crazy Yiuf
  2084 | D:3      | Learned a level 2 spell: Passwall
  2159 | D:3      | Killed Crazy Yiuf
  2249 | D:4      | Found a staircase to the Ecumenical Temple.
  2273 | Temple   | Entered the Ecumenical Temple
  2291 | Temple   | Became a worshipper of Gozag Ym Sagoz the Greedy
  2313 | D:4      | Reached XP level 7. HP: 42/55 MP: 7/7
  2355 | D:4      | Found a glowing drain.
  2389 | Sewer    | Entered a sewer
  3795 | D:4      | Reached skill level 5 in Shields
  3958 | D:5      | Entered Level 5 of the Dungeon
  3969 | D:5      | Reached skill level 5 in Armour
  4054 | D:5      | Reached XP level 8. HP: 61/61 MP: 8/8
  4080 | D:5      | Reached skill level 5 in Fighting
  4496 | D:5      | Noticed Prince Ribbit
  4511 | D:5      | Killed Prince Ribbit
  4512 | D:5      | Reached skill level 5 in Long Blades
  4668 | D:5      | Noticed Edmund
  4702 | D:5      | HP: 3/63 [Edmund/+2 flail of protection (2)]
  4704 | D:5      | Killed Edmund
  5488 | D:6      | Noticed Pikel
  5551 | D:5      | Killed Pikel
  5552 | D:5      | Reached XP level 9. HP: 11/70 MP: 9/9
  6619 | D:7      | Killed from afar by a steam dragon

Illustrated notes

Levels and vault maps discovered:
D:1:      tarquinn_simple_flora_water_e, layout_basic, serial_shops, shop,
          minmay_misc_feat_chi
D:2:      layout_loops_ring
D:3:      layout_rooms, uniq_sigmund, uniq_crazy_yiuf_cottage
D:4:      layout_layer_cave, temple_statues, portal_sewer_entry_f
D:5:      layout_basic, minivault_23, minmay_misc_feat_iff, uniq_prince_ribbit1,
          uniq_edmund
D:6:      layout_rooms, uniq_pikel
D:7:      layout_basic, serial_undead, serial_undead_d, serial_undead_f,
          serial_undead_c, serial_undead_e, serial_undead_b, serial_undead_e,
          uniq_menkaure
Temple:   hc_temple_tempest_star

Skill      XL: |  1  2  3  4  5  6  7  8 |
---------------+-------------------------+-----
Long Blades    | 3 4 6 |  6.2
Fighting       | 4 6 |  6.5
Armour         | 4 5 6 |  6.5
Shields        | 4 5 6 |  6.5

Action                     |  1- 3 |  4- 6 |  7- 9 || total
---------------------------+-------+-------+-------++-------
  Melee: Long sword        |    95 |    65 |    12 ||   172
         Falchion          |       |    39 |   290 ||   329
  Throw: Dart              |       |       |    14 ||    14
  Evoke: Wand              |       |     4 |     1 ||     5
    Use: Scroll            |       |     3 |    13 ||    16
   Stab: Distracted        |       |       |     1 ||     1
 Armour: Scale mail        |    72 |   125 |   266 ||   463
         Chain mail        |       |       |    17 ||    17
  Dodge: Dodged            |    50 |   101 |   151 ||   302
  Block: Buckler           |    32 |    43 |   103 ||   178

Table legend: (Time is in decaauts)
 A = Elapsed time spent in this place.
 B = Non-inter-level travel time spent in this place.
 C = Inter-level travel time spent in this place.
 D = Time resting spent in this place.
 E = Time spent auto-exploring this place.
 F = Levels seen in this place.
 G = Mean time per level.
                   A        B        C        D        E       F      G
               +--------+--------+--------+--------+--------+-----+--------+
         Total |   7059 |   6748 |    311 |   1086 |   4126 |   9 |  784.3 |
       Dungeon |   5958 |   5677 |    281 |   1073 |   3316 |   7 |  851.1 |
        Temple |     36 |      6 |     30 |      0 |      0 |   1 |   36.0 |
         Sewer |   1064 |   1064 |      0 |     13 |    810 |   1 | 1064.0 |
               +--------+--------+--------+--------+--------+-----+--------+

Top non-repeatable levels by time:
     D:5: 1744 daAuts
   Sewer: 1064 daAuts
     D:2: 929 daAuts
     D:4: 821 daAuts
     D:3: 797 daAuts
     D:1: 647 daAuts
     D:6: 529 daAuts
     D:7: 488 daAuts
  Temple: 36 daAuts
